 Dungeon Crawl Stone Soup version 0.27.0-1-g7a089689b8 (webtiles) character file.

Game seed: 2129554480420106206

3961 Lochraine the Stinger (level 10, -7/63 HPs)
             Began as an Octopode Venom Mage on Aug 10, 2021.
             Was an Elder of Fedhas.
             Mangled by a troll (9 damage)
             ... on level 7 of the Dungeon.
             The game lasted 00:32:26 (14374 turns).

Lochraine the Stinger (Octopode Venom Mage)        Turns: 14374, Time: 00:32:27

Health: -7/63      AC:  1    Str:  8    XL:     10   Next: 22%
Magic:  9/17       EV: 14    Int: 20    God:    Fedhas [****..]
Gold:   414        SH:  0    Dex: 13    Spells: 4/19 levels left

rFire    . . .     SeeInvis .   w - +0 short sword (freeze)
rCold    . . .     Faith    .   (no shield)
rNeg     . . .     Spirit   .   (helmet restricted)
rPois    .         Reflect  .   (no amulet)
rElec    .         Harm     .   (no ring)
rCorr    .         Rampage  .   (no ring)
Will     .....                  (no ring)
Stlth    ++++......             (no ring)
HPRegen  0.20/turn              (no ring)
MPRegen  0.15/turn              (no ring)
                                (no ring)
                                (no ring)

@: no status effects
A: almost no armour, amphibious, 8 rings, camouflage 1, gelatinous body 1,
(nimble swimmer 1), tentacles
a: Renounce Religion, Wall of Briars, Grow Ballistomycete, Overgrow


You were on level 7 of the Dungeon.
You worshipped Fedhas.
Fedhas was greatly pleased with you.
You visited 1 branch of the dungeon, and saw 8 of its levels.
You also visited: Sewer.

You collected 414 gold pieces.

Inventory:

Hand Weapons
 w - a +0 short sword of freezing (weapon)
   (You found it on level 1 of the Dungeon)
Armour
 C - a +0 kite shield
   (You found it on level 5 of the Dungeon)
Jewellery
 a - a ring of ice
   (You found it on level 1 of the Dungeon)
 D - a +6 ring of dexterity
   (You found it on level 5 of the Dungeon)
 E - a +4 ring of evasion
   (You found it on level 6 of the Dungeon)
 F - a ring of ice
   (You found it on level 7 of the Dungeon)
Wands
 d - a wand of iceblast (9)
   (You found it on level 4 of the Dungeon)
 t - a wand of flame (36)
   (You found it on level 5 of the Dungeon)
 x - a wand of acid (10)
   (You found it on level 8 of the Dungeon)
 y - a wand of polymorph (7)
   (You found it on level 4 of the Dungeon)
 G - a wand of charming (2)
   (You found it on level 7 of the Dungeon)
Scrolls
 g - a scroll of vulnerability {!r}
 j - 2 scrolls of summoning {unknown}
 l - 2 scrolls of holy word {unknown}
 o - 2 scrolls of teleportation {@r4}
 p - 2 scrolls of identify {@r1}
 q - a scroll of magic mapping {unknown}
 r - 2 scrolls of fear {unknown}
 s - a scroll of fog {unknown}
 v - 2 scrolls of blinking {unknown}
 A - a scroll of amnesia {unknown}
 H - 2 scrolls of brand weapon
Potions
 b - 2 potions of haste {@q3}
 c - 2 potions of curing {@q1}
 e - a potion of invisibility {unknown}
 f - 2 potions of cancellation
 h - a potion of attraction {!q}
 i - a potion of berserk rage
 k - 2 potions of degeneration {!q}
 m - a potion of magic
 n - 3 potions of lignification {unknown}
 z - a potion of ambrosia {unknown}
 B - a potion of mutation {unknown}
 I - a potion of flight {unknown}


   Skills:
 + Level 4.1 Fighting
 + Level 4.7 Dodging
 - Level 6.8 Stealth
 - Level 2.6 Shields
 + Level 4.2 Unarmed Combat
 + Level 5.0 Spellcasting
 - Level 3.3 Conjurations
 - Level 4.7 Transmutations
 - Level 2.8 Air Magic
 - Level 7.8 Poison Magic
 + Level 4.3 Invocations


You had 4 spell levels left.
You knew the following spells:

 Your Spells              Type           Power      Damage    Failure   Level
a - Sting                 Tmut/Pois      100%       1d8       1%          1
b - Poisonous Vapours     Pois/Air       52%        N/A       1%          2
c - Olgreb's Toxic Radia  Pois           36%        N/A       4%          4
d - Mephitic Cloud        Conj/Pois/Air  23%        N/A       4%          3
e - Wereblood             Tmut           23%        N/A       2%          2
x - Spider Form           Tmut/Pois      15%        N/A       2%          3

Your spell library contained the following spells:

 Spells                   Type           Power      Damage    Failure   Level
 Beastly Appendage        Tmut           46%        N/A       1%          1
 Passwall                 Tmut/Erth      11%        N/A       7%          2
 Swiftness                Air            16%        N/A       11%         3
 Blink                    Tloc           N/A        N/A       17%         2
 Lesser Beckoning         Tloc           2%         N/A       34%         3
 Ice Form                 Ice/Tmut       14%        N/A       41%         4
 Hailstorm                Conj/Ice       11%        3d5       52%         4
 Passage of Golubria      Tloc           N/A        N/A       75%         4
 Silence                  Hex/Air        5%         N/A       87%         5
 Manifold Assault         Tloc           5%         N/A       97%         5
 Invisibility             Hex            2%         N/A       100%        6
 Simulacrum               Ice/Necr       2%         N/A       100%        6
 Lehudib's Crystal Spear  Conj/Erth      5%         10d3      100%        8


Dungeon Overview and Level Annotations

Branches:
Dungeon (8/15)             Temple (0/1) D:4           Sewer (visited)
   Lair: D:8-11

Altars:
Dithmenos
Fedhas
Trog

Shops:
D:4 *   D:8 (

Annotations:
D:3 Grinder
D:5 1 runed translucent door, sanka's ghost, novice SpFE


Innate Abilities, Weirdness & Mutations

You cannot wear most types of armour.
You are amphibious.
You can wear up to eight rings at the same time.
Your skin changes colour to match your surroundings (Stealth+).
Your rubbery body absorbs attacks. (AC +1, EV +1)
((You are camouflaged near water. (Stealth+)))
You have tentacles for arms and can constrict up to eight enemies at once.


Message History

Aim: a wolf Poisonous vapours surround the wolf!
The wolf is poisoned.
Aim: a wolf (very poisoned, 63% to hit)
The sting hits the wolf.
The wolf looks even sicker.
Aim: a wolf (lightly wounded, very poisoned, 63% to hit)
The sting misses the wolf.
The wolf bites you.
Aim: a wolf (moderately wounded, very poisoned, 63% to hit)
The sting hits the wolf.
The wolf looks as sick as possible!
The wolf completely misses you. The wolf misses you.
Aim: a wolf (moderately wounded, extremely poisoned, 63% to hit)
The sting hits the wolf.
The wolf looks as sick as possible!
The wolf bites you. The wolf bites you!
Aim: a wolf (heavily wounded, extremely poisoned, 63% to hit)
The sting misses the wolf.
The wolf bites you.
Aim: a wolf (severely wounded, extremely poisoned, 63% to hit)
The sting hits the wolf.
The wolf looks as sick as possible!
The wolf closely misses you. The wolf misses you.
Aim: a wolf (almost dead, extremely poisoned, 63% to hit)
The sting misses the wolf.
The wolf bites you.
A deep elf pyromancer comes into view. It is wielding a +0 long sword.
The wolf barely misses you.
Aim: a wolf (almost dead, extremely poisoned, 63% to hit)
The sting hits the wolf!
The wolf looks as sick as possible!
You kill the wolf!
Fedhas appreciates your contribution to the ecosystem.
Your Spellcasting skill increases to level 5!
Things that are here:
a +0 ring mail; a +0 hand axe The deep elf pyromancer gestures wildly while chanting.
The deep elf pyromancer blinks!
You see here the +2 robe of the Peculiar People {Will+ Dex+5 Archmagi}.
There is an escape hatch in the ceiling here.
A mysterious force pulls you upwards. The hatch slams shut behind you.
A troll is nearby!
Aim: a troll (chance to affect: 46%)
The troll resists with some effort.
The now-empty wand crumbles to dust.
The troll bites you!
* * * LOW HITPOINT WARNING * * *
The troll claws you.
* * * LOW HITPOINT WARNING * * *
The troll claws you!
* * * LOW HITPOINT WARNING * * *
Aim: a troll (chance to affect: 46%)
The troll resists with some effort.
The troll misses you. The troll barely misses you. The troll claws you!
* * * LOW HITPOINT WARNING * * *
Aim: a troll (chance to affect: 46%)
The troll resists with some effort.
The troll bites you!
You die...
Fedhas appreciates your contribution to the ecosystem.

..#..............###.
............).......
............[.#..##..
...#...######........
.......###.....#.##.?#
...#....##.....#.###.##.
........#......Z........
........#.......#.....##
#.##...........T@.......
#..#...#..#.............
##.....#.##.............
###.>...##.............
#..#.................
#....................
#....###.............
.....# #.............
....... ###


You could see a troll and a killer bee zombie.

Vanquished Creatures
  Prince Ribbit (D:8)
  A wyvern (D:8)
  Eustachio (D:6)
  2 water moccasins (D:6)
  2 orc warriors
  4 sky beasts
  An ice beast (D:7)
  An ogre (D:5)
  4 black bears
  A necrophage (D:7)
  3 wolves (D:8)
  A centaur (D:7)
  A bullfrog (Sewer)
  A kobold brigand (D:7)
  A wyvern zombie (D:8)
  3 scorpions
  A wyvern skeleton (D:6)
  2 electric eels (D:8)
  2 howler monkeys (D:7)
  3 bullfrog zombies (D:6)
  5 orc priests
  Crazy Yiuf (D:3)
  4 hounds
  2 gnoll shamans
  A jelly (D:6)
  Natasha (twice) (D:3)
  7 orc wizards
  A scorpion zombie (D:5)
  2 iguanas (D:5)
  2 howler monkey zombies
  A howler monkey skeleton (D:7)
  8 gnolls
  12 adders
  5 river rats (Sewer)
  An adder skeleton (D:4)
  An adder zombie (D:5)
  2 worms
  2 dart slugs
  14 orcs
  2 endoplasms
  2 giant cockroaches
  7 goblins
  4 hobgoblins
  3 jackals (D:4)
  2 quokkas
  21 ball pythons
  4 bats
  5 frilled lizards
  11 kobolds
  27 rats
197 creatures vanquished.

Vanquished Creatures (collateral kills)
  A bullfrog (Sewer)
1 creature vanquished.

Grand Total: 198 creatures vanquished

Notes
Turn   | Place    | Note
-------+----------+-------------------------------------------
     0 | D:1      | Lochraine the Octopode Venom Mage began the quest for the
                  | Orb.
     0 | D:1      | Reached XP level 1. HP: 11/11 MP: 3/3
   392 | D:1      | Reached XP level 2. HP: 17/17 MP: 3/5
   435 | D:1      | Learned a level 2 spell: Poisonous Vapours
   757 | D:2      | Reached skill level 4 in Poison Magic
  1212 | D:2      | Reached XP level 3. HP: 20/21 MP: 6/6
  1238 | D:2      | Found a blossoming altar of Fedhas.
  1467 | D:2      | Became a worshipper of Fedhas Madash
  1468 | D:2      | Found a faded altar of an unknown god.
  2098 | D:3      | Found a glowing drain.
  2150 | Sewer    | Entered a sewer
  2197 | Sewer    | Reached XP level 4. HP: 15/27 MP: 4/8
  2519 | Sewer    | HP: 1/27 [ball python (2)]
  2522 | Sewer    | Reached * piety under Fedhas
  2702 | Sewer    | Reached skill level 1 in Air Magic
  2828 | Sewer    | Reached XP level 5. HP: 31/31 MP: 3/9
  3327 | Sewer    | Reached skill level 5 in Poison Magic
  3327 | Sewer    | Reached XP level 6. HP: 28/36 MP: 1/10
  3328 | Sewer    | Reached ** piety under Fedhas
  3333 | Sewer    | Learned a level 3 spell: Mephitic Cloud
  3693 | D:3      | Reached skill level 1 in Conjurations
  3693 | D:3      | Reached skill level 1 in Invocations
  3891 | D:3      | HP: 1/36 [poisoned by an adder]
  4192 | D:3      | Noticed Natasha
  4201 | D:3      | Killed Natasha
  4474 | D:3      | Learned a level 4 spell: Olgreb's Toxic Radiance
  4494 | D:3      | HP: 1/36 [orc (11)]
  4512 | D:3      | Reached XP level 7. HP: 22/41 MP: 7/12
  4718 | D:3      | Noticed Natasha
  5147 | D:3      | Noticed Grinder
  5524 | D:3      | Found a runed translucent door.
  5525 | D:3      | Noticed Crazy Yiuf
  5603 | D:3      | Killed Natasha
  5828 | D:3      | Killed Crazy Yiuf
  5891 | D:4      | Found Xuefarel's Gadget Gallery.
  6095 | D:4      | Found a staircase to the Ecumenical Temple.
  6208 | D:4      | Found a shadowy altar of Dithmenos.
  6403 | D:4      | Reached *** piety under Fedhas
  6420 | D:4      | Reached skill level 6 in Poison Magic
  7242 | D:5      | Entered Level 5 of the Dungeon
  7595 | D:5      | Found a runed translucent door.
  7675 | D:5      | Reached XP level 8. HP: 39/46 MP: 14/14
  7918 | D:5      | Noticed sanka's ghost (novice SpFE)
  8367 | D:6      | Reached skill level 5 in Stealth
  8497 | D:6      | Noticed Eustachio
  8519 | D:6      | Killed Eustachio
  8520 | D:6      | Reached skill level 1 in Shields
  8520 | D:6      | Reached skill level 7 in Poison Magic
  9629 | D:6      | Learned a level 3 spell: Spider Form
  9658 | D:6      | Reached XP level 9. HP: 6/51 MP: 11/15
 10953 | D:7      | Reached skill level 1 in Fighting
 10953 | D:7      | Reached skill level 1 in Unarmed Combat
 11325 | D:7      | Noticed a boulder beetle
 11333 | D:7      | HP: 1/54 [boulder beetle (36)]
 12023 | D:7      | Learned a level 2 spell: Wereblood
 12045 | D:7      | Reached **** piety under Fedhas
 12599 | D:8      | HP: 1/55 [wyvern zombie (12)]
 12898 | D:8      | Found Asyzxumm's Weapon Boutique.
 13351 | D:8      | Reached XP level 10. HP: 18/63 MP: 10/16
 13661 | D:8      | Noticed Prince Ribbit
 13678 | D:8      | Killed Prince Ribbit
 13864 | D:8      | Found a bloodstained altar of Trog.
 14342 | D:8      | Noticed a deep elf pyromancer
 14344 | D:8      | Reached skill level 5 in Spellcasting
 14358 | D:8      | Identified the +2 robe of the Peculiar People {Will+ Dex+5
                  | Archmagi}
 14373 | D:7      | HP: 2/63 [troll (9)]
 14374 | D:7      | Mangled by a troll

Illustrated notes

Levels and vault maps discovered:
D:1:      grunt_arrival_lava_bath, layout_rooms
D:2:      layout_basic, ebering_ecumenical_altar_webs, basic_altar
D:3:      cheibrodos_pilgrimage, layout_basic, portal_sewer_entry_d,
          chequers_hall_statues_corner_a, uniq_natasha, uniq_grinder,
          uniq_crazy_yiuf_cottage
D:4:      layout_layer_cave, mainiacjoe_overflow_alcove_1, temple_pool_b,
          nicolae_shop_gadgets
D:5:      layout_rooms, ebering_ghost_reflecting_pool, minmay_starry_boxes
D:6:      layout_basic, minmay_microvault, uniq_eustachio
D:7:      layout_rooms, minmay_small_thing
D:8:      layout_loops_ring, trog_ov_bears_minmay, erik_lair_island,
          serial_shops, nicolae_shop_crystal, minivault_1,
          guppyfry_early_elven_hall, uniq_prince_ribbit1

Skill      XL: |  1  2  3  4  5  6  7  8  9 10 |
---------------+-------------------------------+-----
Poison Magic   | 4 5 6 7 |  7.8
Transmutations | 2 3 4 |  4.7
Air Magic      | 1 2 |  2.8
Spellcasting   | 3 4 5 |  5.0
Conjurations   | 1 2 3 |  3.3
Invocations    | 1 2 3 4 |  4.3
Stealth        | 3 6 |  6.8
Shields        | 2 |  2.6
Fighting       | 3 4 |  4.1
Unarmed Combat | 3 4 |  4.2
Dodging        | 4 |  4.7

Action                   |  1- 3 |  4- 6 |  7- 9 | 10-12 || total
-------------------------+-------+-------+-------+-------++-------
Melee: Unarmed           |     3 |       |    43 |       ||    46
       Constrict         |    11 |    13 |    33 |       ||    57
       Tentacles         |     1 |    10 |    29 |       ||    40
       Short sword       |    28 |    58 |   155 |       ||   241
       Punch             |       |       |     1 |       ||     1
 Cast: Sting             |    23 |    49 |   130 |    22 ||   224
       Poisonous Vapours |    15 |    40 |    65 |    17 ||   137
       Spider Form       |       |       |     4 |       ||     4
       Wereblood         |       |       |     2 |       ||     2
       Mephitic Cloud    |       |       |       |     1 ||     1
Invok: Wall of Briars    |       |     1 |       |       ||     1
Evoke: Wand              |       |       |     4 |     3 ||     7
  Use: Potion            |       |     9 |     1 |       ||    10
       Scroll            |       |     6 |     5 |       ||    11
 Stab: Sleeping          |     2 |     1 |     9 |       ||    12
       Distracted        |       |     1 |       |       ||     1
       Paralysed         |       |       |    11 |       ||    11
Armor: Skin              |     4 |     5 |    10 |     1 ||    20
Dodge: Dodged            |    21 |   108 |   164 |    19 ||   312
